 Dungeon Crawl Stone Soup version bcrawl-1.27.1b (webtiles) character file.

Game seed: 6101083469845722396

99204 SludgeElvesOrGTFO the Slasher (level 3, -4/23 HPs)
             Began as a Skeleton Chaos Knight on July 25, 2020.
             Was a Plaything of Xom.
             Slain by a hobgoblin
             ... wielding a +0 club
              (6 damage)
             ... on level 2 of the Dungeon.
             The game lasted 00:02:18 (1439 turns).

SludgeElvesOrGTFO the Slasher (SkCK)                Turns: 1439, Time: 00:02:19

Health: -4/23      AC:  5    Str: 19      XL:     3   Next: 19%
Magic:  0/3        EV: 11    Int: 10      God:    Xom [...*..]
Gold:   41         SH:  0    Dex:  7 (8)  Spells: 2/2 levels left

rFire    . . .     SeeInvis .   a - +0 falchion (chaos)
rCold    + . .     Gourm    .   (no shield)
rNeg     + + +     Faith    .   b - +2 leather armour
rPois    ∞         Spirit   +   (no helmet)
rElec    .         Reflect  .   (no cloak)
rCorr    .         Harm     .   (no gloves)
MR       .....                  (no boots)
Stlth    +.........             (no amulet)
HPRegen  0.07/turn              (no ring)
MPRegen  0.08/turn              (no ring)

@: no status effects
A: no food or potions, cold resistance 1, deterioration 1, negative energy
resistance 3, torment resistance, unbreathing, magic shield, sturdy frame 1,
spell healing
a: Renounce Religion


You were on level 2 of the Dungeon.
You worshipped Xom.
You were a favourite toy of Xom.
You were not hungry.

You visited 1 branch of the dungeon, and saw 2 of its levels.

You collected 41 gold pieces.

Inventory:

Hand Weapons
 a - a +0 falchion of chaos (weapon)
Armour
 b - a +2 leather armour (worn)
Jewellery
 c - a cursed ring of teleportation {unknown}
   (You found it on level 1 of the Dungeon)
 h - an uncursed amulet of the acrobat {unknown}
   (You found it on level 1 of the Dungeon)
Scrolls
 d - a scroll of amnesia
 e - a scroll of blinking {unknown}
 f - a scroll of noise
 g - a scroll of magic mapping {unknown}


   Skills:
 + Level 3.6 Fighting
 + Level 4.4 Long Blades
 - Level 2.3 Armour
 - Level 1.2 Dodging


You had 2 spell levels left.
You didn't know any spells.
Your spell library was empty.

Dungeon Overview and Level Annotations

Branches:
Dungeon (2/12)

Altars:
Dithmenos
Trog


Innate Abilities, Weirdness & Mutations

You do not eat or drink.
You are immune to poison.
Your flesh is cold resistant. (rC+)
Your body sometimes deteriorates upon taking damage.
You are immune to negative energy. (rN+++)
You are immune to unholy pain and torment.
You can survive without breathing.
When hurt, damage is shared between your health and your magic reserves.
Your movements are slightly less encumbered by armour. (ER -2)
Casting spells heals you.


Message History

You barely miss the hobgoblin.
The hobgoblin hits you but does no damage.
You hit the hobgoblin but do no damage. The hobgoblin closely misses you.
You hit the hobgoblin.
You kill the hobgoblin!
You see here a hobgoblin corpse.
You see here a bubbling cyan potion.
You see here a metallic puce potion.
You see here 127 stones.
You see here a dagger.
Key pressed, stopping explore.
No target in view!
No target in view!
No target in view!
You see here a bubbling cyan potion.
You see here a ration {!d}.
You see here a ration {!d}.
You see here a bubbling cyan potion.
You see here a dagger.
You see here 127 stones.
You see here a metallic puce potion. "Whee!"
Your surroundings suddenly seem different.
Your surroundings suddenly seem different.
Your surroundings suddenly seem different.
Your surroundings suddenly seem different.
Your surroundings suddenly seem different.
Your surroundings suddenly seem different.
Found a shadowy altar of Dithmenos.
A giant cockroach and a hobgoblin come into view.
The helpless hobgoblin fails to defend itself.
You hit the hobgoblin.
Wisps of condensation drift from the hobgoblin's hands.
The hobgoblin is lightly wounded.
The hobgoblin hits you but does no damage.
You hit the hobgoblin. You freeze the hobgoblin.
You kill the hobgoblin!
The giant cockroach completely misses you.
You completely miss the giant cockroach.
The giant cockroach closely misses you. The giant cockroach barely misses you.
You closely miss the giant cockroach.
The giant cockroach bites you but does no damage.
You closely miss the giant cockroach. The giant cockroach bites you.
You closely miss the giant cockroach. The giant cockroach closely misses you.
You closely miss the giant cockroach.
The giant cockroach bites you but does no damage.
You closely miss the giant cockroach. The giant cockroach barely misses you.
You hit the giant cockroach but do no damage.
The giant cockroach bites you but does no damage. x2
You hit the giant cockroach.
You feel better.
The giant cockroach is almost dead.
The giant cockroach bites you.
You closely miss the giant cockroach.
The giant cockroach is almost dead.
The giant cockroach barely misses you.
You hit the giant cockroach.
You kill the giant cockroach!
HP restored.
Things that are here:
a +0 club; a hobgoblin corpse You see here a giant cockroach corpse.
Things that are here:
a +0 club; a hobgoblin corpse An iguana comes into view.
The iguana hisses angrily.
An iguana is nearby!
The iguana misses you.
You hit the iguana but do no damage. The iguana bites you.
You hit the iguana.
The iguana is lightly wounded.
The iguana bites you!
Your body deteriorates!
You feel clumsy.
You hit the iguana but do no damage.
The iguana is lightly wounded.
The iguana bites you but does no damage.
You closely miss the iguana.
The iguana is lightly wounded.
The iguana bites you but does no damage.
You hit the iguana but do no damage.
The iguana is lightly wounded.
The iguana bites you!
The iguana hisses menacingly.
The iguana barely misses you.
You are now a favourite toy of Xom.
You see here a hobgoblin corpse.
The iguana hisses menacingly.
You see here a hobgoblin corpse.
You see here a hobgoblin corpse.
You see here a hobgoblin corpse.
The iguana bites you!
* * * LOW HITPOINT WARNING * * *
You see here a leopard gecko corpse.
There is a stone staircase leading up here.
A hobgoblin comes into view. It is wielding a +0 club.
The hobgoblin shouts!
The hobgoblin hits you with a +0 club.
* * * LOW HITPOINT WARNING * * *
The hobgoblin hits you with a +0 club.
You die...
Xom chortles!

.. ## ..# ##. .. #.# .. .#
###.# #.#.## ...##
.####....##### ...
.............% #.#
.........# #########.###
##.##.#....#####gl....<†...#
... r........@#######.#.#
##.# ###<####### #.#.# #. #
##### #†#.# #. ....# #.#.# #
._!.###.#.# ####
##...#.#....###... #..#
#.........## #......###
##....##### ###.###
#...#....#


You could see an iguana and a hobgoblin.

Vanquished Creatures
  5 leopard geckos
  3 bats (D:1)
  A giant cockroach (D:2)
  A goblin (D:1)
  4 hobgoblins
  5 jackals (D:1)
  A ball python (D:1)
  A frilled lizard (D:1)
  4 kobolds (D:1)
  4 rats (D:1)
29 creatures vanquished.

Notes
Turn   | Place    | Note
-------+----------+-------------------------------------------
     0 | D:1      | SludgeElvesOrGTFO the Skeleton Chaos Knight began the quest
                  | for the Orb.
     0 | D:1      | Reached XP level 1. HP: 14/14 MP: 1/1
   176 | D:1      | Reached XP level 2. HP: 19/19 MP: 2/2
   439 | D:1      | Reached skill level 4 in Long Blades
   644 | D:1      | XOM: divination: detect items
  1044 | D:1      | Reached XP level 3. HP: 23/23 MP: 3/3
  1052 | D:1      | XOM: divination: magic mapping
  1319 | D:2      | Found a bloodstained altar of Trog.
  1319 | D:2      | Found a shadowy altar of Dithmenos.
  1319 | D:2      | XOM: 6-stop teleportation journey
  1429 | D:2      | HP: 3/23 [iguana (9)]
  1438 | D:2      | HP: 2/23 [hobgoblin/+0 club (2)]
  1439 | D:2      | Slain by a hobgoblin

Skill      XL: |  1  2 |
---------------+-------+-----
Long Blades    | 4 |  4.4
Fighting       | |  3.6
Armour         | |  2.3
Dodging        | |  1.2

Action                   || total
-------------------------++-------
Melee: Falchion          ||   120
  Use: Scroll            ||     2
 Stab: Confused          ||     1
       Sleeping          ||     1
Armor: Leather armour    ||    80
Dodge: Dodged            ||    83
Block: Other             ||     4

Levels and vault maps discovered:
D:1:      scummos_arrival_checkerplants, layout_basic
D:2:      layout_loops_ring, yredelemnul_altar_generic, marbit_many_paths,
          nicolae_qazlal_eye_of_the_storm, nicolae_overflow_hidden_temple,
          first_ration, minmay_misc_feat_tiny, bloody_trog, uniq_robin

Table legend:
 A = Turns spent in this place as a percentage of turns spent in the entire game.
 B = Non-inter-level travel turns spent in this place as a percentage of non-inter-level travel turns spent in the entire game.
 C = Inter-level travel turns spent in this place as a percentage of turns spent in this place.
 D = Turns resting spent in this place as a percentage of non-inter-level travel turns spent in this place.
 E = Turns spent auto-exploring this place as a percentage of non-inter-level travel turns spent in this place.
 F = Non-inter-level travel turns spent in this place divided by the number of levels of this place that you've seen.
                   A       B       C       D       E      F
               +-------+-------+-------+-------+-------+----------------------
         Total | 100.0 | 100.0 |   3.1 |   0.0 |  77.8 | 697.0
       Dungeon | 100.0 | 100.0 |   3.1 |   0.0 |  77.8 | 697.0
               +-------+-------+-------+-------+-------+----------------------

Table legend:
 A = Kills in this place as a percentage of kills in entire the game.
 B = Kills by you in this place as a percentage of kills by you in the entire game.
 C = Kills by friends in this place as a percentage of kills by friends in the entire game.
 D = Other kills in this place as a percentage of other kills in the entire game.
 E = Experience gained in this place as a percentage of experience gained in the entire game.
 F = Experience gained in this place divided by the number of levels of this place that you have seen.
                   A       B       C       D       E      F
               +-------+-------+-------+-------+-------+----------------------
         Total | 100.0 | 100.0 |   N/A |   N/A | 100.0 |  26.0
       Dungeon | 100.0 | 100.0 |   N/A |   N/A | 100.0 |  26.0
               +-------+-------+-------+-------+-------+----------------------
